 Dungeon Sprint DCSS version 0.27.1 (webtiles) character file.

Game seed: 11159851741121350250

223 styxcanada the Unseen (level 5, 0/28 HPs)
             Began as a Spriggan Brigand on Aug 22, 2021.
             Was an Initiate of Gozag.
             Slain by a scorpion (4 damage)
             ... in the Dungeon (Sprint IV: "Fedhas' Mad Dash").
             The game lasted 00:02:13 (338 turns).

styxcanada the Unseen (Spriggan Brigand)             Turns: 338, Time: 00:02:14

Health: 0/28       AC:  3    Str:  7    XL:     5   Next: 66%
Magic:  6/6        EV: 19    Int: 13    God:    Gozag
Gold:   277        SH:  5    Dex: 17    Spells: 4/4 levels left

rFire    . . .     SeeInvis +   a - +2 dagger
rCold    . . .     Faith    .   d - +0 buckler
rNeg     . . .     Spirit   .   b - +0 robe
rPois    .         Reflect  .   (helmet restricted)
rElec    .         Harm     .   c - +0 cloak
rCorr    .         Rampage  .   (gloves unavailable)
Will     .....     NoTele   +   (boots unavailable)
Stlth    ++++++....             l - amulet of invisibility {+Inv}
HPRegen  0.09/turn              (no ring)
MPRegen  0.10/turn              (no ring)

@: lethally poisoned (0 -> -2), very quick
A: very small, no large weapons, unfitting armour, see invisible, speed 3
a: Renounce Religion, Evoke Invisibility, Potion Petition, Call Merchant, Bribe
Branch


You were in the Dungeon.
You worshipped Gozag.
Gozag was aware of your devotion.
You visited 1 branch You collected 277 gold pieces.

Inventory:

Hand Weapons
 a - a +2 dagger (weapon)
Armour
 b - a +0 robe (worn)
 c - a +0 cloak (worn)
 d - a +0 buckler (worn)
Jewellery
 l - the amulet of invisibility (around neck) {+Inv}
   (You found it in the Dungeon)

   [amulet of nothing]

   +Inv:      It lets you turn invisible.
Scrolls
 k - a scroll of blinking
 n - a scroll of fear {unknown}
Potions
 f - a potion of curing
 g - a potion of heal wounds
 h - a potion of haste
 i - 2 potions of magic
 m - a potion of invisibility {unknown}


   Skills:
 * Level 3.4 Fighting
 + Level 3.4 Short Blades
 + Level 3.0 Throwing
 * Level 5.4 Dodging
 * Level 15.1 Stealth
 + Level 1.6 Evocations


You had 4 spell levels left.
You didn't know any spells.
Your spell library was empty.

Dungeon Overview and Level Annotations

Branches:
Dungeon (1/1)

Altars:
Cheibriados
Dithmenos
Elyvilon
Gozag
Hepliaklqana
Kikubaaqudgha
Makhleb
Nemelex Xobeh
Okawaru
Qazlal
Ru
Sif Muna
Trog
Uskayaw
Vehumet
Wu Jian
Xom
Yredelemnul
Zin
The Shining One
Beogh
Jiyva
Lugonu


Innate Abilities, Weirdness & Mutations

You are very small and have problems with some larger weapons.
You are too small for most types of armour.
You have supernaturally acute eyesight. (SInv)
You cover ground extremely quickly. (Speed+++)


Message History

You hit the scorpion.
The scorpion is severely wounded.
The scorpion closely misses you.
You hit the scorpion but do no damage.
The scorpion is severely wounded.
The scorpion barely misses you.
You barely miss the scorpion.
The scorpion is severely wounded.
You block the scorpion's attack.
You hit the scorpion but do no damage.
The scorpion is severely wounded.
You block the scorpion's attack.
The scorpion stings you but does no damage.
You hit the scorpion but do no damage.
The scorpion is severely wounded.
The scorpion stings you.
You are poisoned.
The scorpion poisons you!
You hit the scorpion.
The scorpion is severely wounded.
You feel very sick.
The scorpion stings you but does no damage.
You barely miss the scorpion.
The scorpion is severely wounded.
You feel sick. The scorpion closely misses you.
You barely miss the scorpion.
The scorpion is severely wounded.
You feel sick. The scorpion closely misses you.
You hit the scorpion but do no damage.
The scorpion is severely wounded.
You feel sick. The scorpion misses you.
You hit the scorpion.
The scorpion is almost dead.
You feel sick. The scorpion stings you.
* * * LOW HITPOINT WARNING * * *
You completely miss the scorpion.
The scorpion is almost dead.
You feel sick. The scorpion stings you.
You die...
Your body crumbles into a pile of gold.

#####################
#<))P#....÷#.....#.⌠.
#P..@s.....(.#.(.(.._
#PPPP#..(..#.#†..#...
###############+##.._
#._. $ $####


$$$$ You could see a scorpion.

Vanquished Creatures
  A scorpion (D)
  3 oklob saplings (D)
  2 spriggans (D)
  A river rat (D)
  A rat (D)
8 creatures vanquished.

Vanquished Creatures (others)
  A fungus (D)
1 creature vanquished.

Grand Total: 9 creatures vanquished

Notes
Turn   | Place    | Note
-------+----------+-------------------------------------------
     0 | D        | styxcanada the Spriggan Brigand began the quest for the
                  | Orb.
     0 | D        | Reached XP level 1. HP: 10/10 MP: 2/2
     9 | D        | Reached skill level 8 in Stealth
     9 | D        | Reached XP level 2. HP: 15/15 MP: 3/3
    17 | D        | Noticed an oklob sapling
    19 | D        | Killed an oklob sapling
    20 | D        | Reached skill level 10 in Stealth
    20 | D        | Reached XP level 3. HP: 18/18 MP: 4/4
    21 | D        | Noticed a scorpion
    21 | D        | Found the amulet of invisibility {+Inv}
    23 | D        | Killed a scorpion
    24 | D        | Reached skill level 12 in Stealth
    24 | D        | Reached XP level 4. HP: 23/23 MP: 5/5
    45 | D        | Found an opulent altar of Gozag.
    45 | D        | Found a hazy altar of Hepliaklqana.
    45 | D        | Found a burning altar of Makhleb.
    45 | D        | Found a sparkling altar of Nemelex Xobeh.
    45 | D        | Found a snail-covered altar of Cheibriados.
    45 | D        | Found a sacrificial altar of Ru.
    45 | D        | Found a shimmering blue altar of Sif Muna.
    45 | D        | Found a shimmering altar of Xom.
    45 | D        | Found a basalt altar of Yredelemnul.
    46 | D        | Found a viscous altar of Jiyva.
    46 | D        | Found a bloodstained altar of Trog.
    46 | D        | Found an ornate altar of the Wu Jian Council.
    47 | D        | Found an iron altar of Okawaru.
    47 | D        | Found a shadowy altar of Dithmenos.
    47 | D        | Found a glowing silver altar of Zin.
    48 | D        | Found an ancient bone altar of Kikubaaqudgha.
    48 | D        | Found a hide-covered altar of Uskayaw.
    49 | D        | Found a stormy altar of Qazlal.
    49 | D        | Found a white marble altar of Elyvilon.
    49 | D        | Found a glowing golden altar of the Shining One.
    50 | D        | Became a worshipper of Gozag Ym Sagoz the Greedy
    51 | D        | Found a corrupted altar of Lugonu.
    51 | D        | Found a radiant altar of Vehumet.
    55 | D        | Reached skill level 13 in Stealth
    55 | D        | Reached XP level 5. HP: 28/28 MP: 3/6
   111 | D        | Reached skill level 5 in Dodging
   111 | D        | Reached skill level 14 in Stealth
   111 | D        | Reached skill level 1 in Evocations
   167 | D        | Reached skill level 15 in Stealth
   338 | D        | Slain by a scorpion

Illustrated notes

Levels and vault maps discovered:
D:        dungeon_sprint_fedhas [sprint_temple]

Skill      XL: |  1  2  3  4  5 |
---------------+----------------+-----
Dodging        | 2 3 4 5 |  5.4
Stealth        | 8 10 12 13 15 | 15.1
Fighting       | 2 3 |  3.4
Short Blades   | 3 |  3.4
Evocations     | 1 |  1.6
Throwing       | 3 |  3.0

Action                   |  1- 3 |  4- 6 || total
-------------------------+-------+-------++-------
Melee: Dagger            |     4 |    43 ||    47
Throw: Dart              |       |    11 ||    11
 Abil: Evoke Invisibilit |       |     2 ||     2
  Use: Potion            |       |     1 ||     1
 Stab: Sleeping          |     4 |     2 ||     6
Armor: Robe              |       |     3 ||     3
Dodge: Dodged            |       |    38 ||    38
Block: Buckler           |       |     6 ||     6
